 Dungeon Sprint DCSS version 0.17.1-2-g5865329 (webtiles) character file.

4 hexophile the Slasher (level 1, 0/19 HPs)
             Began as a Ghoul Berserker on Jan 27, 2016.
             Was a Believer of Trog.
             Slain by a giant newt (3 damage)
             ... in the Dungeon (Sprint IX: "|||||||||||||||||||||||||||||").
             The game lasted 00:00:07 (22 turns).

hexophile the Slasher (Ghoul Berserker)               Turns: 22, Time: 00:00:07

Health: 0/19       AC:  2    Str: 19    XL:     1   Next: 70%
Magic:  0/0        EV: 12    Int:  3    God:    Trog [**....]
Gold:   0          SH:  0    Dex:  8    Spells: 0 memorised, 0 levels left

rFire  . . .     SeeInvis .     a - +0 falchion
rCold  + . .     Clarity  .     b - +0 animal skin
rNeg   + + +     SustAt   .     (no shield)
rPois  ∞         Gourm    .     (no helmet)
rElec  .         Spirit   .     (no cloak)
rCorr  .         Warding  .     (no gloves)
rMut   .         NoTele   +     (no boots)
MR     .....                    (no amulet)
Stlth  +.........               (no ring)
                                (no ring)

@: rotting, not resistant to hostile enchantments, very unstealthy
A: rotting body, claws 1, carnivore 3, cold resistance 1, negative energy
resistance 3, slow regeneration 1, torment resistance, unbreathing
a: Trog's Hand, Burn Spellbooks, Renounce Religion


You were in the Dungeon.
You worshipped Trog.
Trog was pleased with you.
You were not hungry.

You visited 1 branch


Innate Abilities, Weirdness & Mutations

Your body is rotting away.
You thrive on raw meat.
You are immune to poison.
You have sharp fingernails.
You are carnivorous and can eat meat at any time.
Your flesh is cold resistant.
You are immune to negative energy.
You regenerate slowly when monsters are visible.
You are immune to unholy pain and torment.
You can survive without breathing.

Inventory:

Hand Weapons
 a - a +0 falchion (weapon)
Armour
 b - a +0 animal skin (worn)
Scrolls
 i - a scroll of blinking
Potions
 d - a potion of curing
 e - a potion of heal wounds
 f - a potion of haste
 g - 2 potions of magic
 h - a potion of berserk rage
Comestibles
 c - a meat ration


You couldn't memorise any spells.
You didn't know any spells.


   Skills:
 - Level 3.2 Fighting
 + Level 4.0 Long Blades
 - Level 1.7 Armour
 - Level 1.7 Dodging

Dungeon Overview and Level Annotations

Branches:
Dungeon (1/1)

Altars:

Vault maps used:
D:        linesprint
You       could see a giant newt.


Message History

You got additional 19 HP.
Restored 19 HP.
You have now: 19/19 HP.
You open the door.
A giant newt, a giant cockroach, 2 goblins and a kobold come into view.
The hobgoblin shouts!
The goblin shouts!
You barely miss the goblin. The goblin hits you with a dagger.
You lost 2 HP.
You have now: 17/19 HP.
You hit the goblin.
The goblin is severely wounded.
The goblin hits you with a dagger.
You lost 3 HP.
You have now: 14/19 HP.
You hit the goblin but do no damage.
The goblin is severely wounded.
The goblin hits you but does no damage.
You hit the goblin.
You kill the goblin!
Trog accepts your kill.
Your Long Blades skill increases to level 3!
You hit the hobgoblin but do no damage.
The hobgoblin hits you but does no damage.
You closely miss the hobgoblin. The hobgoblin closely misses you.
You closely miss the hobgoblin. The hobgoblin misses you.
The hobgoblin barely misses you.
You closely miss the hobgoblin. The hobgoblin hits you.
You lost 4 HP.
You have now: 10/19 HP.
You hit the hobgoblin but do no damage.
The hobgoblin hits you but does no damage.
You hit the hobgoblin but do no damage. The hobgoblin barely misses you.
You barely miss the hobgoblin. The hobgoblin hits you.
* * * LOW HITPOINT WARNING * * *
You lost 5 HP.
You have now: 5/19 HP.
You slash the hobgoblin!
You kill the hobgoblin!
Trog accepts your kill.
You can now call upon Trog for regeneration and protection from hostile enchantments.
You slash the kobold!
You kill the kobold!
Trog accepts your kill.
You slash the giant cockroach!
You kill the giant cockroach!
Trog accepts your kill.
Your Long Blades skill increases to level 4!
You closely miss the giant newt. The giant newt bites you.
* * * LOW HITPOINT WARNING * * *
You lost 2 HP.
You have now: 3/19 HP.
You completely miss the giant newt. The giant newt barely misses you.
The giant newt misses you.
You hit the giant newt but do no damage.
The giant newt misses you.
You barely miss the giant newt. The giant newt bites you.
You die...

Action                   || total
-------------------------++-------
Melee: Falchion          ||    18

Notes
Turn   | Place    | Note
--------------------------------------------------------------
     0 | D        | hexophile the Ghoul Berserker began the quest for the Orb.
     0 | D        | Reached XP level 1. HP: 19/19 MP: 0/0
     8 | D        | Reached skill level 3 in Long Blades
    16 | D        | Reached ** piety under Trog
    18 | D        | Reached skill level 4 in Long Blades
    22 | D        | Slain by a giant newt

Table legend:
 A = Turns spent in this place as a percentage of turns spent in the entire game.
 B = Non-inter-level travel turns spent in this place as a percentage of non-inter-level travel turns spent in the entire game.
 C = Inter-level travel turns spent in this place as a percentage of turns spent in this place.
 D = Turns resting spent in this place as a percentage of non-inter-level travel turns spent in this place.
 E = Turns spent auto-exploring this place as a percentage of non-inter-level travel turns spent in this place.
 F = Non-inter-level travel turns spent in this place divided by the number of levels of this place that you've seen.
                   A       B       C       D       E      F
               +-------+-------+-------+-------+-------+----------------------
         Total | 100.0 | 100.0 |   0.0 |   0.0 |   0.0 |  23.0
       Dungeon | 100.0 | 100.0 |   0.0 |   0.0 |   0.0 |  23.0
               +-------+-------+-------+-------+-------+----------------------

Table legend:
 A = Kills in this place as a percentage of kills in entire the game.
 B = Kills by you in this place as a percentage of kills by you in the entire game.
 C = Kills by friends in this place as a percentage of kills by friends in the entire game.
 D = Other kills in this place as a percentage of other kills in the entire game.
 E = Experience gained in this place as a percentage of experience gained in the entire game.
 F = Experience gained in this place divided by the number of levels of this place that you have seen.
                   A       B       C       D       E      F
               +-------+-------+-------+-------+-------+----------------------
         Total | 100.0 | 100.0 |  -nan |  -nan | 100.0 |   7.0
       Dungeon | 100.0 | 100.0 |  -nan |  -nan | 100.0 |   7.0
               +-------+-------+-------+-------+-------+----------------------

Vanquished Creatures
  A giant cockroach (D)
  A hobgoblin (D)
  A kobold (D)
  A goblin (D)
4 creatures vanquished.
